AoeStats
← 马德拉岛上的男人

Black Forest

510845153Analyzed
4v4 RM · 10h ago on Oct 2, 2026· 52m 42s· 8 players
Game mode
Random Map
Map size
Large (8 player)
Population
200
Speed
Normal
Resources
Standard
Victory
Conquest
Starting age
Dark Age
Ending age
Imperial Age
RankedLock teamsTeams togetherTeam positionsShared explorationLock speedFull tech treeHidden civsTurbo modeCheats
Victory
Defeat
🇨🇳 Bohemians · China
1539
+7
🇨🇳 Italians · China
1328
+15
1138
+64
🇨🇳 Khmer · China
893
+30
🇻🇪 Bohemians · Venezuela
1320
-20
🇩🇪 Saracens · Germany
1316
-19
🇹🇷 Dravidians · Türkiye
1297
-19
🇷🇺 Goths · Russia
1244
-17
RagnarLothbrok
11:14 Feudal Age
12:41 Double-Bit Axe
15:26 Castle Age
13:45 Horse Collar
16:22 Bow Saw
16:42 Heavy Plow
20:38 Loom
25:17 Caravan
25:22 Loom
30:11 Imperial Age
28:01 Town Watch
28:56 Wheelbarrow
28:40 Town Watch
30:46 Chemistry
30:34 Padded Archer Armor
31:05 Sanctity
30:56 Redemption
31:11 Block Printing
31:32 Theocracy
31:23 Illumination
32:32 Two-Man Saw
30:57 Houfnice
31:27 Crossbowman
32:12 Fletching
32:38 Leather Archer Armor
33:29 Siege Engineers
33:44 Hussite Reforms
34:40 Wagenburg Tactics
42:07 Pikeman
43:02 Scale Mail Armor
43:12 Forging
42:42 Halberdier
44:09 Chain Mail Armor
43:50 Man-at-Arms
45:58 Iron Casting
45:36 Squires
46:06 Plate Mail Armor
45:31 Man-at-Arms
47:45 Blast Furnace
46:34 Long Swordsman
47:31 Two-Handed Swordsman
48:55 Champion
49:58 Bodkin Arrow
50:24 Ballistics
50:15 Masonry
53:11 Ring Archer Armor
CroCkeR
5:37 Loom
11:26 Feudal Age
15:35 Castle Age
13:26 Double-Bit Axe
13:50 Horse Collar
17:42 Wheelbarrow
19:02 Bow Saw
19:35 Heavy Plow
24:12 Hand Cart
29:53 Imperial Age
27:56 Forging
28:35 Caravan
29:48 Scale Barding Armor
29:34 Fletching
30:47 Iron Casting
30:07 Gold Mining
30:07 Stone Mining
31:14 Chain Barding Armor
32:13 Chemistry
32:13 Conscription
31:39 Elite Mameluke
33:05 Fortified Wall
32:52 Capped Ram
34:36 Siege Engineers
35:43 Blast Furnace
35:03 Siege Ram
36:39 Plate Barding Armor
36:48 Bimaristan
48:47 Bodkin Arrow
48:52 Padded Archer Armor
49:16 Ballistics
49:07 Masonry
50:42 Elite Skirmisher
Self_vs_Self
0:26 Loom
12:14 Feudal Age
14:25 Double-Bit Axe
16:59 Castle Age
17:27 Pikeman
18:08 Squires
18:11 Scale Mail Armor
21:02 Horse Collar
24:07 Wheelbarrow
24:47 Squires
24:35 Pikeman
25:21 Gold Mining
28:34 Bow Saw
29:35 Forging
29:41 Chain Mail Armor
33:03 Imperial Age
31:34 Iron Casting
31:17 Hand Cart
30:48 Town Watch
31:24 Anarchy
31:42 Man-at-Arms
33:37 Town Patrol
33:40 Caravan
33:06 Long Swordsman
33:11 Halberdier
34:09 Heavy Plow
34:43 Conscription
35:30 Blast Furnace
35:11 Perfusion
35:03 Two-Handed Swordsman
36:16 Champion
39:51 Crop Rotation
42:44 Two-Man Saw
41:38 Fletching
41:48 Padded Archer Armor
41:38 Fletching
42:35 Elite Skirmisher
43:30 Padded Archer Armor
43:25 Bodkin Arrow
46:26 Leather Archer Armor
LT_OmniSK
2:18 Loom
13:32 Feudal Age
17:53 Castle Age
16:28 Double-Bit Axe
17:51 Horse Collar
19:27 Bow Saw
22:01 Wheelbarrow
27:33 Hand Cart
27:22 Heavy Plow
31:18 Imperial Age
30:04 Fletching
30:39 Sanctity
30:23 Devotion
31:14 Bodkin Arrow
31:45 Masonry
32:21 Bracer
31:49 Elite Elephant Archer
32:35 Padded Archer Armor
33:01 Ballistics
33:42 Chemistry
33:21 Conscription
35:40 Leather Archer Armor
36:10 Medical Corps
36:13 Scale Barding Armor
36:56 Town Watch
39:07 Husbandry
41:27 Chain Barding Armor
41:17 Forging
41:46 Ring Archer Armor
42:17 Forging
43:56 Wootz Steel
43:05 Light Cavalry
49:48 Iron Casting
51:25 Two-Man Saw
yuyuyuyuyu
1:46 Loom
11:52 Feudal Age
15:28 Castle Age
13:56 Double-Bit Axe
13:56 Horse Collar
16:27 Bow Saw
18:44 Fervor
21:16 Wheelbarrow
22:29 Heavy Plow
24:53 Hand Cart
27:53 Imperial Age
26:33 Scale Mail Armor
27:23 Wagenburg Tactics
27:55 Chain Mail Armor
27:45 Pikeman
28:25 Squires
28:11 Arson
29:50 Chemistry
30:04 Two-Man Saw
30:10 Plate Mail Armor
30:07 Town Watch
30:49 Forging
30:43 Halberdier
31:32 Houfnice
32:44 Conscription
33:02 Fletching
33:12 Padded Archer Armor
33:35 Ballistics
34:39 Sanctity
34:31 Redemption
36:39 Bodkin Arrow
37:00 Leather Archer Armor
37:24 Siege Engineers
37:30 Masonry
37:15 Elite Skirmisher
37:57 Bracer
40:10 Ring Archer Armor
42:22 Block Printing
42:09 Devotion
42:33 Caravan
42:44 Guilds
45:28 Iron Casting
50:34 Architecture
51:23 Town Patrol
Ricardo·M·lu
7:55 Loom
12:05 Feudal Age
15:52 Castle Age
15:58 Double-Bit Axe
17:14 Bow Saw
19:37 Wheelbarrow
18:44 Horse Collar
23:17 Heavy Plow
26:31 Gold Mining
26:31 Stone Mining
30:29 Imperial Age
29:27 Hand Cart
30:00 Ballistics
30:35 Coinage
30:47 Town Watch
31:08 Scale Mail Armor
31:19 Forging
31:15 Scale Barding Armor
31:12 Padded Archer Armor
31:02 Fletching
31:22 Siege Engineers
32:06 Crop Rotation
32:16 Conscription
32:19 Double Crossbow
32:55 Elite Ballista Elephant
33:48 Tusk Swords
34:37 Gold Shaft Mining
34:37 Stone Shaft Mining
35:21 Iron Casting
36:02 Chemistry
34:30 Pikeman
36:51 Banking
36:10 Halberdier
37:38 Leather Archer Armor
37:18 Bodkin Arrow
37:45 Chain Barding Armor
37:30 Husbandry
37:41 Bloodlines
38:52 Light Cavalry
39:51 Hussar
42:06 Plate Barding Armor
42:49 Blast Furnace
46:38 Bracer
47:16 Ring Archer Armor
48:06 Chain Mail Armor
47:55 Murder Holes
48:10 Masonry
马德拉岛上的男人
11:01 Feudal Age
16:15 Castle Age
14:29 Double-Bit Axe
15:48 Horse Collar
18:47 Bow Saw
24:53 Heavy Plow
25:12 Gold Mining
30:21 Imperial Age
28:31 Wheelbarrow
27:42 Loom
28:01 Stone Mining
29:04 Town Watch
29:42 Ballistics
29:48 Scale Barding Armor
29:53 Forging
30:38 Bloodlines
30:28 Husbandry
30:53 Chain Barding Armor
32:09 Chemistry
31:10 Murder Holes
31:25 Masonry
30:47 Cavalier
33:03 Two-Man Saw
33:14 Paladin
33:52 Capped Ram
35:30 Plate Barding Armor
35:31 Iron Casting
35:05 Light Cavalry
36:12 Conscription
36:54 Stone Shaft Mining
36:57 Coinage
36:37 Guilds
38:52 Blast Furnace
37:49 Hussar
39:28 Siege Ram
FFFF
1:46 Loom
12:31 Feudal Age
14:35 Double-Bit Axe
16:54 Castle Age
15:22 Horse Collar
18:03 Wheelbarrow
18:11 Bow Saw
23:29 Heavy Plow
25:01 Stone Mining
26:07 Gold Mining
26:48 Forging
27:56 Stone Shaft Mining
28:53 Hand Cart
30:42 Fletching
30:53 Padded Archer Armor
33:24 Imperial Age
32:51 Ballistics
33:00 Treadmill Crane
33:37 Leather Archer Armor
33:18 Bodkin Arrow
35:11 Two-Man Saw
34:36 Conscription
35:19 Chemistry
35:14 Pirotechnia
35:39 Ring Archer Armor
35:09 Bracer
35:32 Husbandry
35:43 Bloodlines
35:24 Elite Genoese Crossbowman
37:40 Hoardings
37:37 Fortified Wall
37:45 Thumb Ring
38:43 Guilds
39:51 Arrowslits
40:27 Bombard Tower
40:41 Masonry
41:42 Caravan
43:59 Architecture
46:29 Light Cavalry
47:17 Scale Barding Armor
47:48 Iron Casting
46:53 Elite Skirmisher
47:29 Hussar
51:00 Murder Holes
Connection lost

Rejoining the realm…

Still unreachable

The connection could not be restored.

Session expired

The server has moved on; the page needs a fresh start.